 Dungeon Crawl Stone Soup version 0.27.1-3-gb3d3a73c9e (webtiles) character file.

Game seed: 15936316312636489573

191 Urokeeper the Cutter (level 6, -1/36 HPs)
             Began as a Kobold Brigand on Oct 14, 2021.
             Slain by a gnoll (3 damage)
             ... on level 4 of the Dungeon.
             The game lasted 00:10:00 (3408 turns).

Urokeeper the Cutter (Kobold Brigand)               Turns: 3408, Time: 00:10:00

Health: -1/36      AC:  4    Str:  9    XL:     6   Next: 2%
Magic:  6/6        EV: 14    Int: 13    God:
Gold:   109        SH:  0    Dex: 17    Spells: 5/5 levels left

rFire    + . .     SeeInvis .   m - +1 short sword (vamp)
rCold    . . .     Faith    .   (shield restricted)
rNeg     . . .     Spirit   .   q - +0 leather armour
rPois    .         Reflect  .   (no helmet)
rElec    .         Harm     .   a - +0 cloak of Elyvilon's Favour {Stlth+}
rCorr    .         Rampage  .   (no gloves)
Will     .....                  (no boots)
Stlth    ++........             (no amulet)
HPRegen  0.12/turn              v - ring of protection from fire
MPRegen  0.10/turn              (no ring)

@: lit by a corona, glowing
A: small, no large weapons, nightstalker 3
a: no special abilities


You were on level 4 of the Dungeon.
You visited 1 branch of the dungeon, and saw 4 of its levels.

You collected 109 gold pieces.

Inventory:

Hand Weapons
 j - a +0 dagger of speed
 k - a +2 spear of venom
 m - a +1 vampiric short sword (weapon)
 s - a +2 falchion of electrocution
 y - a +0 dagger
Missiles
 d - 8 poisoned darts (quivered)
Armour
 a - the +0 cloak of Elyvilon's Favour (worn) {Stlth+}
   (You found it on level 4 of the Dungeon)

   Stlth:     It makes you more stealthy.
 b - a +0 robe
 c - a +0 cloak
 q - a +0 leather armour (worn)
Jewellery
 v - a ring of protection from fire (left hand)
 z - a ring of fire
Wands
 t - a wand of iceblast (9)
 A - a wand of digging (5)
Scrolls
 g - a scroll of vulnerability {unknown}
 l - a scroll of amnesia {unknown}
 n - 4 scrolls of teleportation {unknown}
 p - a scroll of torment {unknown}
 r - a scroll of identify {unknown}
 w - a scroll of magic mapping {unknown}
 x - a scroll of fog {unknown}
Potions
 f - a potion of berserk rage {unknown}
 h - a potion of heal wounds {unknown}
 i - a potion of curing {unknown}
 o - a potion of brilliance {unknown}
 u - a potion of flight {unknown}


   Skills:
 * Level 2.7 Fighting
 * Level 7.2 Short Blades
 - Level 2.1 Throwing
 + Level 1.6 Dodging
 - Level 5.3 Stealth


You had 5 spell levels left.
You didn't know any spells.
Your spell library was empty.

Dungeon Overview and Level Annotations

Branches:
Dungeon (4/15)
 Temple: D:4-7

Altars:

Shops:
D:4 [


Innate Abilities, Weirdness & Mutations

You are small and have problems with some larger weapons.
You are completely attuned to the shadows.


Message History

You hit the gnoll but do no damage.
You hit the gnoll shaman but do no damage.
You hit the gnoll shaman but do no damage.
The gnoll shaman closely misses you.
You hit the gnoll shaman but do no damage.
You closely miss the gnoll shaman. The gnoll shaman closely misses you.
You hit the gnoll shaman but do no damage.
The gnoll shaman hits you with a +0 whip!
Throw: 2 darts (curare)
Press: ? - help, Q - select action, (/) - cycle Shift-Dir - straight line, f - gnoll shaman
Aim: a gnoll shaman, wielding a +0 whip and wearing a +0 robe (65% to hit)
You throw a curare-tipped dart.
The curare-tipped dart barely misses the gnoll shaman.
The curare-tipped dart hits the gnoll.
The gnoll is poisoned.
The gnoll convulses.
The gnoll seems to slow down.
The gnoll is severely wounded.
The gnoll shaman hits you with a +0 whip.
Throw: dart (curare)
Press: ? - help, Q - select action, (/) - cycle Shift-Dir - straight line, f/p - gnoll shaman
Aim: a gnoll shaman, wielding a +0 whip and wearing a +0 robe (65% to hit)
You throw a curare-tipped dart.
The curare-tipped dart barely misses the gnoll shaman.
The curare-tipped dart closely misses the gnoll.
The gnoll shaman hits you with a +0 whip!
* * * LOW HITPOINT WARNING * * *
You feel a bit more experienced.
You have reached level 6!
Your experience leads to an increase in your attributes!
Increase (S)trength, (I)ntelligence, or (D)exterity?
You feel agile.
The gnoll shaman mumbles some strange prayers to its god against you.
You are outlined in light.
The gnoll hits you but does no damage. The gnoll completely misses you.
The gnoll hits you with a +0 whip.
* * * LOW HITPOINT WARNING * * *
The gnoll closely misses you. The gnoll shaman barely misses you.
You barely miss the gnoll. The gnoll hits you with a +0 whip.
You die...

#........# #........#
### #........# #.#
#......... #.##
##......... #..#
#........<.
###'####.........#
##.'∩'....#######..
####.@#+###### ###
#...g#g.##############
#....................g
#####....###.....##.##
...##.# #........#
#.####.# #......### #.
#.# #.....## #.......
#.....##.


You could see a gnoll shaman and a gnoll (fast).

Vanquished Creatures
  A jelly (D:2)
  Natasha (D:4)
  A hound skeleton (D:4)
  A gnoll (D:4)
  3 adders
  4 worms
  4 dart slugs
  6 orcs (D:3)
  6 ball pythons
  2 bats
  4 endoplasms
  2 giant cockroaches
  6 goblins
  3 hobgoblins
  4 jackals
  A quokka (D:2)
  3 frilled lizards
  8 kobolds
  2 rats (D:3)
62 creatures vanquished.

Notes
Turn   | Place    | Note
-------+----------+-------------------------------------------
     0 | D:1      | Urokeeper the Kobold Brigand began the quest for the Orb.
     0 | D:1      | Reached XP level 1. HP: 12/12 MP: 1/1
   137 | D:1      | Reached skill level 3 in Short Blades
   200 | D:1      | Found a faded altar of an unknown god.
   409 | D:1      | Reached XP level 2. HP: 17/17 MP: 2/2
   717 | D:1      | Reached skill level 4 in Short Blades
  1360 | D:2      | Reached skill level 5 in Short Blades
  1360 | D:2      | Reached XP level 3. HP: 21/21 MP: 3/3
  1520 | D:2      | Reached XP level 4. HP: 23/26 MP: 4/4
  1900 | D:2      | Reached skill level 6 in Short Blades
  2518 | D:3      | Reached XP level 5. HP: 30/30 MP: 5/5
  3199 | D:4      | Noticed Natasha
  3202 | D:4      | Killed Natasha
  3203 | D:4      | Reached skill level 7 in Short Blades
  3305 | D:4      | Identified the +0 cloak of Elyvilon's Favour {Stlth+}
  3331 | D:4      | Found Zeul's Antique Armour Shop.
  3394 | D:4      | Reached XP level 6. HP: 4/36 MP: 6/6
  3406 | D:4      | HP: 1/36 [gnoll (4)]
  3408 | D:4      | Slain by a gnoll

Illustrated notes

Levels and vault maps discovered:
D:1:      dpeg_chamrin_arrival_tetris, layout_loops_corners,
          shapermc_ecumenical_altar_mp_highgroup
D:2:      layout_loops_cross, minivault_11, minmay_surrounded
D:3:      layout_rooms, hex_intersection
D:4:      layout_rooms, serial_shops, nicolae_shop_behind_doors,
          guppyfry_early_orc_mine, uniq_natasha

Skill      XL: |  1  2  3  4  5 |
---------------+----------------+-----
Short Blades   | 3 5 6 7 |  7.2
Fighting       | |  2.7
Throwing       | |  2.1
Dodging        | |  1.6
Stealth        | |  5.3

Action                   |  1- 3 |  4- 6 || total
-------------------------+-------+-------++-------
Melee: Dagger            |    14 |       ||    14
       Spear             |     4 |       ||     4
       Short sword       |    12 |   171 ||   183
Throw: Dart              |       |     2 ||     2
 Stab: Sleeping          |    11 |    16 ||    27
Armor: Robe              |     5 |     2 ||     7
       Leather armour    |       |    15 ||    15
Dodge: Dodged            |    10 |    81 ||    91
